 Dungeon Crawl Stone Soup version 0.24-a0-160-gfa3a8d6 (webtiles) character file.

Game seed: 10492354847814225622

1592 Lanoc the Quickloader (level 9, -9/69 HPs)
             Began as a Formicid Hunter on Mar 5, 2019.
             Was a Follower of Okawaru.
             Mangled by a hippogriff (11 damage)
             ... on level 7 of the Dungeon.
             The game lasted 00:09:10 (4936 turns).

Lanoc the Quickloader (Formicid Hunter)             Turns: 4936, Time: 00:09:11

Health: -9/69      AC:  3    Str: 20 (22) XL:     9   Next: 15%
Magic:  9/9        EV: 12    Int: 13 (14) God:    Okawaru [*.....]
Gold:   251        SH:  8    Dex: 12 (14) Spells: 8/8 levels left

rFire    . . .     SeeInvis +   b - +0 short sword
rCold    + . .     Gourm    .   G - +0 shield
rNeg     . . .     Faith    .   c - +0 leather armour
rPois    .         Spirit   .   (helmet unavailable)
rElec    .         Reflect  .   (no cloak)
rCorr    .         Harm     .   (no gloves)
MR       .....                  (no boots)
Stlth    ++........             (no amulet)
HPRegen  0.21/turn              l - +3 ring of intelligence (curse)
MPRegen  0.11/turn              B - ring of protection from cold

@: mighty
A: permanent stasis, dig shafts and tunnels, four strong arms, antennae 3
a: Dig, Shaft Self, Heroism, Renounce Religion


You were on level 7 of the Dungeon.
You worshipped Okawaru.
Okawaru was aware of your devotion.
You were not hungry.

You visited 2 branches of the dungeon, and saw 8 of its levels.

You collected 251 gold pieces.

Inventory:

Hand Weapons
 a - a +1 hand crossbow
 b - a +0 short sword (weapon)
Missiles
 g - 2 silver tomahawks (quivered)
Armour
 c - a +0 leather armour (worn)
 G - a +0 shield (worn)
Jewellery
 l - a cursed +3 ring of intelligence (left hand)
 A - an uncursed ring of flight
 B - a ring of protection from cold (right hand)
Scrolls
 e - 8 scrolls of identify {unknown}
 i - a scroll of enchant armour {unknown}
 j - 2 scrolls of enchant weapon {unknown}
 k - 3 scrolls of teleportation {unknown}
 p - a scroll of fog {unknown}
 r - 2 scrolls of random uselessness {unknown}
 u - 4 scrolls of amnesia {unknown}
 w - 3 scrolls of remove curse {unknown}
 x - a scroll of magic mapping {unknown}
 y - 2 scrolls of fear {unknown}
 z - a scroll of noise {unknown}
 C - a scroll of immolation {unknown}
Potions
 h - a potion of cancellation {unknown}
 m - a potion of might
 n - a potion of curing {unknown}
 o - a potion of mutation {unknown}
 q - 2 potions of degeneration
 s - a potion of flight {unknown}
 t - a potion of brilliance {unknown}
 v - 3 potions of agility {unknown}
 D - a potion of invisibility {unknown}
 F - a potion of ambrosia {unknown}
Comestibles
 f - 13 rations
 E - 3 chunks of flesh


   Skills:
 + Level 6.2 Fighting
 * Level 8.6 Crossbows
 + Level 5.1 Dodging
 - Level 2.0 Stealth
 + Level 2.1 Shields


You had 8 spell levels left.
You didn't know any spells.
Your spell library contained the following spells:

 Spells                   Type           Power        Failure   Level  Hunger
 Beastly Appendage        Tmut           #.....       85%         1    ##.....
 Sticks to Snakes         Tmut           #.......     94%         2    ###....
 Spider Form              Tmut/Pois      #.........   99%         3    ####...
 Ice Form                 Ice/Tmut       #.......     100%        4    #####..
 Blade Hands              Tmut           #.........   100%        5    ######.


Dungeon Overview and Level Annotations

Branches:
Dungeon (7/15)             Temple (1/1) D:5

Altars:
Cheibriados
Dithmenos
Elyvilon
Gozag
Hepliaklqana
Makhleb
Nemelex Xobeh
Okawaru
Sif Muna
Uskayaw
Vehumet
Wu Jian
Yredelemnul
Zin
The Shining One


Innate Abilities, Weirdness & Mutations

You cannot be hasted, slowed, berserked, paralysed or teleported.
You can dig through walls and to a lower floor.
Your four strong arms can wield two-handed weapons with a shield.
You have a pair of large antennae on your head. (SInv)


Message History

The hippogriff pecks you. The hippogriff misses you.
Unknown command.
It was a potion of might.
You feel very mighty all of a sudden. The hippogriff bites you!
* * * LOW HITPOINT WARNING * * *
The hippogriff barely misses you. The hippogriff claws you.
* * * LOW HITPOINT WARNING * * *
An orc comes into view.
It is wielding a +0 flail and carrying a wand of disintegration (15).
You puncture the hippogriff!
The hippogriff is almost dead.
The hippogriff bites you!
* * * LOW HITPOINT WARNING * * *
The hippogriff pecks you but does no damage.
The hippogriff closely misses you.
It was a potion of degeneration.
There was something very wrong with that liquid.
You feel weakened.
You feel dopey.
You feel clumsy. The hippogriff bites you!
You die...

.. ...#..#... #.#
. .#####((#.#.#
#.# .(. ...#....
#.# ...####K# .
#.# .((((..(# #.#
....((.(' #.#
........# #.#
...o...K#######.#
...(..ocH@.....(#
.......o#########
...(....#
...###### .. .


You could see a hippogriff, a centaur, an orc wizard (invisible), 2 orcs and a
kobold.

Vanquished Creatures
  A hippogriff (D:7)
  2 phantoms
  2 ogres
  A necrophage (D:7)
  A centaur (D:6)
  Blork the orc (D:5)
  A bullfrog (D:4)
  A scorpion (D:6)
  4 wights (D:3)
  2 howler monkeys
  5 orc wizards
  A bullfrog skeleton (D:5)
  3 orc priests
  2 worker ants
  A worker ant zombie (D:6)
  A gnoll (D:1)
  7 adders
  A shadow imp (D:6)
  2 dart slugs
  A leopard gecko (D:4)
  13 orcs
  3 giant cockroaches
  8 goblins
  9 hobgoblins
  9 jackals
  3 quokkas
  2 ball pythons
  4 bats
  5 frilled lizards
  9 kobolds
  9 rats
114 creatures vanquished.

Notes
Turn   | Place    | Note
-------+----------+-------------------------------------------
     0 | D:1      | Lanoc the Formicid Hunter began the quest for the Orb.
     0 | D:1      | Reached XP level 1. HP: 16/16 MP: 1/1
   200 | D:1      | Reached XP level 2. HP: 23/23 MP: 2/2
   272 | D:1      | Reached XP level 3. HP: 28/28 MP: 3/3
   879 | D:2      | Reached XP level 4. HP: 34/34 MP: 4/4
  1674 | D:3      | Reached skill level 5 in Crossbows
  1674 | D:3      | Reached XP level 5. HP: 41/41 MP: 5/5
  1709 | D:3      | Reached XP level 6. HP: 25/47 MP: 6/6
  2072 | D:4      | Found a shadowy altar of Dithmenos.
  2097 | D:4      | Noticed a phantom
  2106 | D:4      | Killed a phantom
  2106 | D:4      | Reached skill level 6 in Crossbows
  2134 | D:4      | Reached XP level 7. HP: 54/54 MP: 7/7
  2294 | D:4      | Found a glowing golden altar of the Shining One.
  2658 | D:5      | Entered Level 5 of the Dungeon
  2681 | D:5      | Found an ornate altar of the Wu Jian Council.
  2835 | D:5      | Found a basalt altar of Yredelemnul.
  2849 | D:5      | Found a staircase to the Ecumenical Temple.
  2858 | Temple   | Entered the Ecumenical Temple
  2977 | Temple   | Became a worshipper of Warmaster Okawaru
  3177 | D:5      | Noticed Blork the orc
  3187 | D:5      | Killed Blork the orc
  3187 | D:5      | Reached skill level 7 in Crossbows
  3187 | D:5      | Reached XP level 8. HP: 39/61 MP: 8/8
  3195 | D:5      | Reached skill level 5 in Fighting
  3482 | D:5      | Found a hazy altar of Hepliaklqana.
  4005 | D:6      | Found a snail-covered altar of Cheibriados.
  4011 | D:6      | Reached * piety under Okawaru
  4185 | D:6      | Reached skill level 8 in Crossbows
  4687 | D:7      | Noticed a hippogriff
  4694 | D:7      | Killed a hippogriff
  4694 | D:7      | Reached skill level 1 in Shields
  4825 | D:7      | Noticed a hippogriff
  4833 | D:6      | Reached XP level 9. HP: 69/69 MP: 9/9
  4885 | D:7      | Reached skill level 5 in Dodging
  4935 | D:7      | HP: 1/69 [hippogriff (11)]
  4936 | D:7      | Mangled by a hippogriff

Levels and vault maps discovered:
D:1:      dpeg_arrival_rooms_c, layout_basic
D:2:      layout_basic
D:3:      layout_basic
D:4:      layout_gridville, nicolae_dithmenos_shadow_blocks, tso_altar
D:5:      layout_loops_ring, nicolae_overflow_crystal_walls,
          lemuel_coloured_pillars_altar, yredelemnul_altar_generic,
          minmay_temple_entry_butterflies, first_ration, uniq_blork_the_orc
D:6:      layout_loops_ring, old_standard_altar, minmay_hedge_maze, minivault_23
D:7:      corexii_shack_village, layout_basic, nicolae_ru_the_path_less_chosen,
          trog_ov_bears_minmay
Temple:   nicolae_temple_figure_zero

Skill      XL: |  1  2  3  4  5  6  7  8  9 |
---------------+----------------------------+-----
Dodging        | 2 3 4 5 |  5.1
Stealth        | 2 |  2.0
Fighting       | 3 4 6 |  6.2
Crossbows      | 5 6 7 8 |  8.6
Shields        | 1 2 |  2.1

Action                   |  1- 3 |  4- 6 |  7- 9 || total
-------------------------+-------+-------+-------++-------
Melee: Short sword       |       |       |    27 ||    27
 Fire: Hand crossbow     |    80 |    81 |   189 ||   350
Throw: Tomahawk          |       |       |     2 ||     2
  Use: Potion            |       |       |     2 ||     2
  Eat: Chunk             |       |     3 |     6 ||     9
       Ration            |       |       |     1 ||     1
Armor: Leather armour    |     4 |     2 |    19 ||    25
Dodge: Dodged            |    16 |    23 |    59 ||    98
Block: Shield            |       |       |    14 ||    14

Table legend:
 A = Non-vault XP
 B = Vault XP
 C = Vault XP percentage of total XP
 D = Non-vault monster count
 E = Vault monster count
 F = Vault count percentage of total count
                 A         B        C        D         E       F
            +---------+---------+-------+---------+---------+-------
      Total |    2163 |     112 |   4.9 |     107 |       7 |   6.1
            +---------+---------+-------+---------+---------+-------
        D:1 |      45 |       0 |   0.0 |      21 |       0 |   0.0
        D:2 |      41 |       0 |   0.0 |      17 |       0 |   0.0
        D:3 |     267 |       0 |   0.0 |      20 |       0 |   0.0
        D:4 |     431 |       0 |   0.0 |      17 |       0 |   0.0
        D:5 |     203 |      99 |  32.8 |      10 |       1 |   9.1
        D:6 |     686 |       0 |   0.0 |      18 |       0 |   0.0
        D:7 |     490 |      13 |   2.6 |       4 |       6 |  60.0
            +---------+---------+-------+---------+---------+-------
